 Dungeon Crawl Stone Soup version 0.18.1-48-g4cf74bf (webtiles) character file.

250 WarriorsX the Skirmisher (level 6, -7/53 HPs)
             Began as a Human Fighter on July 27, 2016.
             Mangled by Blork the orc
             ... wielding a +1 battleaxe of chopping
              (8 damage)
             ... on level 4 of the Dungeon.
             The game lasted 00:10:15 (3150 turns).

WarriorsX the Skirmisher (Human Fighter)            Turns: 3150, Time: 00:10:16

Health: -7/53      AC:  9    Str: 19    XL:     6   Next: 35%
Magic:  6/6        EV:  9    Int:  8    God:
Gold:   182        SH:  4    Dex: 12    Spells: 0 memorised, 5 levels left

rFire  . . .     SeeInvis .     a - +1 long sword
rCold  . . .     Gourm    .     b - +0 scale mail
rNeg   . . .     Faith    .     (no shield)
rPois  .         Spirit   .     p - +0 helmet
rElec  .         Dismiss  .     (no cloak)
rCorr  .         Reflect  +     h - +0 pair of gloves
SustAt .         Harm     .     (no boots)
MR     .....                    o - +4 amulet of reflection
Stlth  ..........               (no ring)
                                (no ring)

@: not resistant to hostile enchantments, extremely unstealthy
A: no striking features
a: no special abilities


You were on level 4 of the Dungeon.
You were not hungry.

You visited 1 branch of the dungeon, and saw 4 of its levels.

You collected 182 gold pieces.

Inventory:

Hand Weapons
 a - a +1 long sword (weapon)
 l - a +2 vampiric short sword
Armour
 b - a +0 scale mail (worn)
 c - a +0 shield
 h - a +0 pair of gloves (worn)
 p - a +0 helmet (worn)
Jewellery
 o - a +4 amulet of reflection (around neck)
 r - an uncursed amulet of dismissal
Wands
 t - a wand of digging (18/24)
Scrolls
 e - 3 scrolls of teleportation
 i - a scroll of fear
 m - a scroll of identify
Potions
 d - 2 potions of might
 g - a potion of ambrosia
 k - 2 potions of berserk rage {unknown}
 n - 2 potions of degeneration {unknown}
 u - a potion of haste {unknown}
Comestibles
 f - 3 bread rations
 j - 2 meat rations


   Skills:
 + Level 6.3 Fighting
 - Level 2.0 Long Blades
 - Level 3.1 Armour
 + Level 1.0 Stealth
 - Level 3.1 Shields


You had 5 spell levels left.
You didn't know any spells.

Dungeon Overview and Level Annotations

Branches:
Dungeon (4/15)
 Temple: D:4-7

Altars:
Ashenzari
Ru
Yredelemnul
Zin

Annotations:
D:4 Blork the orc


Message History

You kill the goblin!
You hit something.
Something hits you but does no damage. x2
You hit something but do no damage. Something completely misses you.
You hit something. Something hits you! Something hits you but does no damage.
You closely miss something. Something hits you!
You closely miss something. Something hits you but does no damage.
Something completely misses you.
You closely miss something. Something hits you but does no damage.
You hit something but do no damage. Something hits you but does no damage.
You closely miss something. Something hits you but does no damage.
Something hits you!
* * * LOW HITPOINT WARNING * * *
x2 A quokka comes into view.
You hit something. Something hits you!
* * * LOW HITPOINT WARNING * * *
x2 An adder skeleton comes into view.
You hit something. Something hits you.
* * * LOW HITPOINT WARNING * * *
x2 Something hits you!
You die...

####### .......
##.......
##########..Z....
#.....@{gr...#
#.########...#
#.# #.?....# #.##
#.##..## #####
#..# # #.g#
##...## ##.# ....
##.###.## #.#
#g..g
#.#####.###.##
#g...
#.##.........#
.##.####


You could see a quokka, a goblin and an adder skeleton.

Vanquished Creatures
  A centaur skeleton (D:4)
  The ghost of vishdafish the Bolt Thrower, a weakling MiHu (D:3)
  A hound skeleton (D:4)
  5 gnolls
  2 adders (D:4)
  4 dart slugs
  6 giant geckos
  6 orcs (D:3)
  2 giant cockroaches
  9 hobgoblins
  25 jackals
  2 quokkas
  5 bats
  16 giant newts
  7 goblins
  8 kobolds
  8 rats
108 creatures vanquished.

Notes
Turn   | Place    | Note
--------------------------------------------------------------
     0 | D:1      | WarriorsX the Human Fighter began the quest for the Orb.
     0 | D:1      | Reached XP level 1. HP: 18/18 MP: 1/1
    89 | D:1      | Reached XP level 2. HP: 17/24 MP: 2/2
   409 | D:1      | Reached XP level 3. HP: 29/30 MP: 3/3
   708 | D:1      | Reached skill level 4 in Fighting
  1100 | D:2      | Found a sacrificial altar of Ru.
  1155 | D:2      | Reached XP level 4. HP: 29/38 MP: 4/4
  1181 | D:2      | Found a glowing silver altar of Zin.
  1181 | D:2      | Found a basalt altar of Yredelemnul.
  1932 | D:2      | Found a faded altar to an unknown god.
  1961 | D:2      | Reached skill level 5 in Fighting
  2132 | D:3      | Reached XP level 5. HP: 44/44 MP: 5/5
  2155 | D:3      | Noticed vishdafish's ghost (weakling MiHu)
  2166 | D:3      | Killed vishdafish's ghost
  2634 | D:3      | Found a shattered altar of Ashenzari.
  2813 | D:4      | Reached XP level 6. HP: 35/52 MP: 6/6
  2819 | D:4      | Reached skill level 6 in Fighting
  3128 | D:4      | Noticed Blork the orc
  3137 | D:4      | Reached skill level 1 in Stealth
  3150 | D:4      | HP: 2/53 [something (1)]
  3150 | D:4      | Mangled by Blork the orc

Skill      XL: |  1  2  3  4  5  6 |
---------------+-------------------+-----
Fighting       | 4 5 6 |  6.3
Stealth        | 1 |  1.0
Long Blades    | |  2.0
Armour         | |  3.1
Shields        | |  3.1

Action                   |  1- 3 |  4- 6 || total
-------------------------+-------+-------++-------
Melee: Long sword        |   125 |   237 ||   362
Evoke: Wand              |       |     3 ||     3
  Use: Potion            |     1 |     2 ||     3
       Scroll            |       |     7 ||     7
 Stab: Invisible         |     1 |       ||     1
  Eat: Chunk             |     1 |     7 ||     8
Armor: Scale mail        |    90 |   120 ||   210
Dodge: Dodged            |    83 |   124 ||   207
Block: Shield            |    12 |       ||    12
       Other             |       |    49 ||    49
       Reflection        |       |     1 ||     1
